 Dungeon Crawl Stone Soup version 0.30-a0-691-g754fce4c43 (webtiles) character file.

Game seed: 12021062283303798769

1031 Alitron123 the Cudgeller (level 8, -1/49 HPs)
             Began as a Gargoyle Berserker on Jan 19, 2023.
             Was a Priest of Trog.
             Slain by Prince Ribbit (7 damage)
             ... on level 5 of the Dungeon.
             The game lasted 00:10:44 (4119 turns).

Alitron123 the Cudgeller (Gargoyle Berserker)       Turns: 4119, Time: 00:10:45

Health: -1/49      AC: 15    Str: 23    XL:     8   Next: 23%
Magic:  8/8        EV:  9    Int:  8    God:    Trog [***...]
Gold:   202        SH:  7    Dex:  9    Spells: 7/7 levels left

rFire   . . .      SeeInvis .    y - +0 mace (heavy)
rCold   . . .      Faith    .    o - +0 kite shield
rNeg    + . .      Spirit   .    p - +0 scale mail
rPois   ∞          Reflect  .    (no helmet)
rElec   +          Harm     .    n - +0 cloak
rCorr   .          Rampage  .    a - +0 pair of gloves
Will    .....                    (no boots) Stlth
                                 (no amulet)
HPRegen 0.28/turn                (no ring)
MPRegen 0.11/turn                (no ring)

@: no status effects
A: sickness immunity, AC +5, negative energy resistance 1, electricity
resistance, torment resistance 1, petrification resistance
a: Renounce Religion, Berserk, Trog's Hand


You were on level 5 of the Dungeon.
You worshipped Trog.
Trog was most pleased with you.
You visited 1 branch of the dungeon, and saw 5 of its levels.

You collected 202 gold pieces.

Inventory:

Hand Weapons
 c - a +4 mace
 u - a +2 dagger of venom
 y - a +0 heavy mace (weapon)
Missiles
 k - 2 throwing nets (quivered)
Armour
 a - a +0 pair of gloves (worn)
 g - a +2 leather armour of fire resistance
 n - a +0 cloak (worn)
 o - a +0 kite shield (worn)
 p - a +0 scale mail (worn)
Wands
 r - a wand of flame (8)
Scrolls
 d - 3 scrolls of immolation {unknown}
 e - 9 scrolls of teleportation {unknown}
 f - 3 scrolls of noise {unknown}
 h - a scroll of vulnerability {unknown}
 j - 2 scrolls of fog {unknown}
 s - 4 scrolls of amnesia {unknown}
 t - 2 scrolls of fear {unknown}
 w - 3 scrolls of identify {unknown}
Potions
 b - a potion of brilliance {unknown}
 i - 2 potions of haste {unknown}
 l - a potion of magic {unknown}
 m - a potion of curing {unknown}
 q - a potion of heal wounds
 v - 2 potions of attraction {unknown}
 x - 2 potions of degeneration {unknown}
 z - a potion of might {unknown}
 A - a potion of flight {unknown}


   Skills:
 + Level 5.0 Fighting
 + Level 7.0 Maces & Flails
 + Level 4.8 Armour
 + Level 2.9 Dodging
 + Level 0.1 Stealth
 + Level 2.8 Shields


You had 7 spell levels left.
You didn't know any spells.
Your spell library was empty.

Dungeon Overview and Level Annotations

Branches:
Dungeon (5/15)             Temple (0/1) D:4

Altars:
Sif Muna
Vehumet
Wu Jian
Zin

Annotations:
D:5 Prince Ribbit


Innate Abilities, Weirdness & Mutations

You are immune to sickness and miasma.
Your stone body is resilient. (AC +5)
You are immune to poison.
You resist negative energy. (rN+)
You are resistant to electric shocks. (rElec)
You are resistant to unholy torment.
You are immune to petrification.


Message History

Prince Ribbit is lightly wounded.
Prince Ribbit blinks!
You completely miss Prince Ribbit.
Prince Ribbit is lightly wounded.
Prince Ribbit hits you! Prince Ribbit hits you.
Prince Ribbit blinks!
You sock Prince Ribbit!
Prince Ribbit is severely wounded.
Prince Ribbit blinks!
You block Prince Ribbit's attack.
Prince Ribbit lets out a mournful croak.
Prince Ribbit barely misses you.
You barely miss Prince Ribbit.
Prince Ribbit is severely wounded.
Prince Ribbit hits you!
Prince Ribbit blinks!
You are too injured to fight recklessly!
Prince Ribbit is nearby!
You are too injured to fight recklessly!
You are too injured to fight recklessly!
You are too injured to fight recklessly!
You are too injured to fight recklessly!
You barely miss Prince Ribbit.
Prince Ribbit is severely wounded.
Prince Ribbit completely misses you. Prince Ribbit barely misses you.
You miss Prince Ribbit.
Prince Ribbit is severely wounded.
Prince Ribbit hits you. x2
* * * LOW HITPOINT WARNING * * *
Prince Ribbit hits you but does no damage.
You barely miss Prince Ribbit.
Prince Ribbit is severely wounded.
Prince Ribbit hits you.
* * * LOW HITPOINT WARNING * * *
Prince Ribbit lets out a mournful croak.
Prince Ribbit hits you but does no damage.
You barely miss Prince Ribbit.
Prince Ribbit is severely wounded.
You block Prince Ribbit's attack. Prince Ribbit hits you!
* * * LOW HITPOINT WARNING * * *
Prince Ribbit hits you!
You die...

##.#.#.### ..........
.......#.. ### #####
##.##..#.#.# ... ....#
#.##..#.#.# #.# #.#.#
#)##..#.#.# #<# #.#.#
#.##..#.#.#.#.# #.#.#
#.##.†#.#.#.#.###.#.#.##
#.##..#.#.#...F@.......#
#.......#.###.#####.#.##
#.##.........#.........#
#.##...##.##.###########
#.##...##.##.#
#.##...##.##.#########
##.##...##............#
...##...#####.#######.#
##.##...# #.# #.#


You could see Prince Ribbit.

Vanquished Creatures
  Eustachio (D:5)
  Duvessa (D:5)
  A black bear (D:5)
  A centaur (D:5)
  An ogre (D:4)
  3 scorpions
  Dowan (D:5)
  An orc priest (D:4)
  An iguana (D:5)
  Jessica (D:3)
  Natasha (twice) (D:2)
  Terence (D:2)
  Robin (D:2)
  4 adders
  3 worms
  3 dart slugs
  6 orcs
  4 endoplasms
  14 goblins
  15 hobgoblins
  6 jackals
  5 quokkas
  12 ball pythons
  6 bats
  5 frilled lizards
  4 kobolds
  6 rats
109 creatures vanquished.

Notes
Turn   | Place    | Note
-------+----------+-------------------------------------------
     0 | D:1      | Alitron123 the Gargoyle Berserker began the quest for the
                  | Orb.
     0 | D:1      | Reached XP level 1. HP: 14/14 MP: 1/1
   240 | D:1      | Reached XP level 2. HP: 19/19 MP: 2/2
   729 | D:1      | Reached XP level 3. HP: 23/24 MP: 3/3
  1059 | D:2      | Noticed Terence
  1064 | D:2      | Noticed Natasha
  1069 | D:2      | Killed Terence
  1072 | D:2      | Reached ** piety under Trog
  1073 | D:2      | Reached XP level 4. HP: 18/29 MP: 4/4
  1077 | D:2      | Reached skill level 4 in Maces & Flails
  1078 | D:2      | Killed Natasha
  1226 | D:2      | Noticed Robin
  1247 | D:2      | Killed Robin
  1248 | D:2      | Reached XP level 5. HP: 13/33 MP: 5/5
  1542 | D:2      | Noticed Natasha
  1549 | D:2      | Killed Natasha
  1748 | D:3      | Found a radiant altar of Vehumet.
  1853 | D:3      | Noticed Jessica
  1857 | D:3      | Killed Jessica
  2011 | D:3      | Reached *** piety under Trog
  2105 | D:3      | Found an ornate altar of the Wu Jian Council.
  2564 | D:4      | Found a staircase to the Ecumenical Temple.
  2574 | D:4      | Reached skill level 5 in Maces & Flails
  2574 | D:4      | Reached XP level 6. HP: 25/38 MP: 6/6
  3213 | D:4      | Reached skill level 1 in Shields
  3470 | D:4      | Reached XP level 7. HP: 44/44 MP: 7/7
  3579 | D:5      | Entered Level 5 of the Dungeon
  3650 | D:5      | Reached skill level 6 in Maces & Flails
  3736 | D:5      | Noticed Eustachio
  3744 | D:5      | Killed Eustachio
  3828 | D:5      | Found a glowing silver altar of Zin.
  3911 | D:5      | Noticed Dowan
  3911 | D:5      | Noticed Duvessa
  3915 | D:5      | Killed Dowan
  3916 | D:5      | Reached XP level 8. HP: 48/48 MP: 8/8
  3924 | D:5      | Killed Duvessa
  3925 | D:5      | Reached skill level 5 in Fighting
  3932 | D:5      | Reached skill level 7 in Maces & Flails
  4049 | D:5      | Found a shimmering blue altar of Sif Muna.
  4104 | D:5      | Noticed Prince Ribbit
  4119 | D:5      | Slain by Prince Ribbit

Illustrated notes

Levels and vault maps discovered:
D:1:      dpeg_arrival_arbitrary_a, layout_loops_corners,
          chequers_serial_rivers_micro_e
D:2:      layout_rooms, uniq_robin, uniq_natasha, uniq_terence
D:3:      layout_loops_cross, mainiacjoe_overflow_cross_hatched,
          nicolae_vehumet_altar_sigil, minivault_14, palyth_stone_intersect,
          uniq_jessica
D:4:      layout_gridville, minmay_temple_entry_proselytizer
D:5:      layout_basic, mainiacjoe_overflow_alcove_1,
          mainiacjoe_overflow_six_doors_small, uniq_crazy_yiuf_cottage,
          uniq_duvessa, uniq_prince_ribbit1, uniq_eustachio

Skill      XL: |  1  2  3  4  5  6  7  8 |
---------------+-------------------------+-----
Fighting       | 4 5 |  5.0
Maces & Flails | 4 5 6 7 |  7.0
Dodging        | 2 |  2.9
Armour         | 3 4 |  4.8
Shields        | 1 2 |  2.8
Stealth        | |  0.1

Action                   |  1- 3 |  4- 6 |  7- 9 || total
-------------------------+-------+-------+-------++-------
Melee: Mace              |    49 |   174 |    44 ||   267
       Punch             |     1 |       |       ||     1
Invok: Berserk           |     1 |     1 |       ||     2
Armor: Ring mail         |     8 |       |       ||     8
       Leather armour    |    16 |    40 |       ||    56
       Scale mail        |       |    58 |    37 ||    95
Dodge: Dodged            |    37 |   102 |    30 ||   169
Block: Kite shield       |       |    41 |    17 ||    58

Table legend: (Time is in decaauts)
 A = Elapsed time spent in this place.
 B = Non-inter-level travel time spent in this place.
 C = Inter-level travel time spent in this place.
 D = Time resting spent in this place.
 E = Time spent auto-exploring this place.
 F = Levels seen in this place.
 G = Mean time per level.
                   A        B        C        D        E       F      G
               +--------+--------+--------+--------+--------+-----+--------+
         Total |   4220 |   3991 |    229 |      0 |   3214 |   5 |  844.0 |
       Dungeon |   4220 |   3991 |    229 |      0 |   3214 |   5 |  844.0 |
               +--------+--------+--------+--------+--------+-----+--------+

Top non-repeatable levels by time:
     D:4: 1115 daAuts
     D:1: 1066 daAuts
     D:3: 764 daAuts
     D:2: 700 daAuts
     D:5: 572 daAuts
